 Dungeon Crawl Stone Soup version 0.25-a0-516-g7d600cd9ad (webtiles) character file.

Game seed: 489655189022800635, levelgen mode: deterministic

58 nione the Poker (level 4, -8/37 HPs)
             Began as a Ghoul Gladiator on Feb 17, 2020.
             Mangled by Sigmund
             ... wielding a +0 scythe
              (11 damage)
             ... on level 2 of the Dungeon.
             The game lasted 00:04:33 (1274 turns).

nione the Poker (Ghoul Gladiator)                   Turns: 1274, Time: 00:04:34

Health: -8/37      AC:  6    Str: 18    XL:     4   Next: 2%
Magic:  3/3        EV:  6    Int:  3    God:
Gold:   106        SH: 11    Dex: 10    Spells: 3/3 levels left

rFire    . . .     SeeInvis .   a - +0 trident
rCold    + . .     Gourm    .   r - +0 tower shield
rNeg     + + +     Faith    .   j - +0 ring mail
rPois    ∞         Spirit   .   t - +0 helmet
rElec    .         Reflect  .   (no cloak)
rCorr    .         Harm     .   (no gloves)
MR       .....                  (no boots)
Stlth    +.........             (no amulet)
HPRegen  0.00/turn              (no ring)
MPRegen  0.08/turn              (no ring)

@: rotting
A: rotting body, claws 1, carnivore, cold resistance 1, negative energy
resistance 3, inhibited regeneration, torment resistance, unbreathing
a: no special abilities


You were on level 2 of the Dungeon.
You were not hungry.

You visited 1 branch of the dungeon, and saw 2 of its levels.

You collected 106 gold pieces.

Inventory:

Hand Weapons
 a - a +0 trident (weapon)
Missiles
 d - 3 throwing nets (quivered)
 n - 19 arrows
 o - 18 bolts
Armour
 j - a +0 ring mail (worn)
 r - a +0 tower shield (worn)
 t - a +0 helmet (worn)
Scrolls
 g - a scroll of blinking {unknown}
 h - 2 scrolls of remove curse {unknown}
 m - 3 scrolls of identify {unknown}
Potions
 i - a potion of heal wounds {unknown}
 k - 2 potions of curing {unknown}
 l - a potion of degeneration {unknown}
 p - a potion of lignification {unknown}
 q - a potion of magic {unknown}
Comestibles
 f - 2 rations
 s - 4 chunks of flesh


   Skills:
 + Level 2.8 Fighting
 + Level 3.2 Polearms
 + Level 2.1 Throwing
 + Level 0.7 Armour
 + Level 3.1 Dodging
 + Level 0.4 Stealth


You had 3 spell levels left.
You didn't know any spells.
Your spell library was empty.

Dungeon Overview and Level Annotations

Branches:
Dungeon (2/15)

Altars:

Annotations:
D:2 Sigmund


Innate Abilities, Weirdness & Mutations

Your body is rotting away.
You thrive on raw meat.
You are immune to poison.
You have sharp fingernails.
You are carnivorous and can eat meat at any time.
Your flesh is cold resistant. (rC+)
You are immune to negative energy. (rN+++)
You do not regenerate when monsters are visible.
You are immune to unholy pain and torment.
You can survive without breathing.


Message History

Sigmund casts a spell.
Sigmund flickers and vanishes!
Deactivating autopickup; reactivate with Ctrl-A.
The jackal bites you but does no damage.
Eat one of 4 chunks of flesh? (ye/n/q)
You eat one of the 4 chunks of flesh.
This raw flesh tastes great!
The jackal bites you but does no damage.
Something hits you!
* * * LOW HITPOINT WARNING * * *
Eat one of 3 chunks of flesh? (ye/n/q)
You eat one of the 3 chunks of flesh.
This raw flesh tastes great!
You block the jackal's attack. Something hits you.
* * * LOW HITPOINT WARNING * * *
The jackal bites you.
* * * LOW HITPOINT WARNING * * *
You see here 2 chunks of flesh.
s - 4 chunks of flesh (gained 2)
The jackal bites you but does no damage.
You block the jackal's attack. Something hits you!
You die...

#####.#
#..#.......(..###.#..##
#..
...#.....[....##.....($
... #.#..†.......##..#
##.#...[..........# .
.....#......####..#
....####.##.###....###.#
.........%#.# #....# .#
.....####.#)# #....# .#
... #.h@# #....# .# #
#)h.# ...# .. #...<..#
#.##.#.# # ...#..
#####... ..... ##... ...


You could see 2 jackals.

Vanquished Creatures
  An adder (D:2)
  2 dart slugs
  A ball python (D:2)
  2 bats
  2 giant cockroaches (D:1)
  3 goblins (D:2)
  8 hobgoblins
  11 jackals
  2 kobolds
  2 frilled lizards
  3 rats
37 creatures vanquished.

Notes
Turn   | Place    | Note
-------+----------+-------------------------------------------
     0 | D:1      | nione the Ghoul Gladiator began the quest for the Orb.
     0 | D:1      | Reached XP level 1. HP: 17/17 MP: 0/0
   322 | D:1      | Reached XP level 2. HP: 23/25 MP: 1/1
   969 | D:2      | Reached XP level 3. HP: 24/27 MP: 2/2
  1246 | D:2      | Reached XP level 4. HP: 27/37 MP: 3/3
  1260 | D:2      | Noticed Sigmund
  1274 | D:2      | Mangled by Sigmund

Levels and vault maps discovered:
D:1:      ncdulo_smallfort, layout_basic, minmay_misc_feat_rugged, minivault_25,
          patterned_corridor
D:2:      layout_basic, cheibriados_altar_1, guppyfry_early_orc_mine,
          uniq_crazy_yiuf_cottage, uniq_robin, uniq_sigmund

Skill      XL: |  1  2 |
---------------+-------+-----
Throwing       | 2 |  2.1
Dodging        | 3 |  3.1
Polearms       | 3 |  3.2
Fighting       | |  2.8
Armour         | |  0.7
Stealth        | |  0.4

Action                   |  1- 3 |  4- 6 || total
-------------------------+-------+-------++-------
Melee: Trident           |   112 |    12 ||   124
 Stab: Sleeping          |     1 |       ||     1
  Eat: Chunk             |    11 |     2 ||    13
Armor: Leather armour    |    22 |       ||    22
       Ring mail         |     2 |    15 ||    17
Dodge: Dodged            |    50 |     8 ||    58
Block: Tower shield      |     7 |     9 ||    16

Table legend:
 A = Non-vault XP
 B = Vault XP
 C = Vault XP percentage of total XP
 D = Non-vault monster count
 E = Vault monster count
 F = Vault count percentage of total count
                 A         B        C        D         E       F
            +---------+---------+-------+---------+---------+-------
      Total |      84 |       0 |   0.0 |      37 |       0 |   0.0
            +---------+---------+-------+---------+---------+-------
        D:1 |      31 |       0 |   0.0 |      16 |       0 |   0.0
        D:2 |      53 |       0 |   0.0 |      21 |       0 |   0.0
            +---------+---------+-------+---------+---------+-------
